 Dungeon Crawl Stone Soup version 0.29-a0-676-ga64570c9d2 (webtiles) character file.

Game seed: 11273741814249329952

15395 fernweh the Protected (level 12, -7/97 HPs)
             Began as a Gnoll Wanderer on June 23, 2022.
             Shot with an arrow by a centaur warrior (9 damage)
             ... on level 10 of the Dungeon on June 24, 2022.
             The game lasted 01:14:02 (16937 turns).

fernweh the Protected (Gnoll Wanderer)             Turns: 16937, Time: 01:14:03

Health: -7/97      AC: 22    Str: 14    XL:     12   Next: 26%
Magic:  22/22      EV: 10    Int: 14    God:
Gold:   636        SH:  0    Dex: 12    Spells: 25/25 levels left

rFire   . . .      SeeInvis .   a - +6 shortbow
rCold   . . .      Faith    .   (shield currently unavailable)
rNeg    . . .      Spirit   .   j - +1 plate armour {Will+}
rPois   .          Reflect  .   (no helmet)
rElec   .          Harm     .   l - +1 cloak
rCorr   .          Rampage  ∞   (no gloves)
Will    +....                   p - +3 pair of seven-league boots {Rampage+∞}
Stlth   ..........              o - amulet of the acrobat
HPRegen 0.26/turn               x - +4 ring of evasion
MPRegen 0.18/turn               (no ring)

@: no status effects
A: fangs 1, strong nose, distributed training
a: no special abilities


You were on level 10 of the Dungeon.
You visited 2 branches of the dungeon, and saw 11 of its levels.

You collected 636 gold pieces.

Inventory:

Hand Weapons
 a - a +6 shortbow (weapon)
 n - a +4 scimitar of flaming
 u - a +5 dagger of freezing
Missiles
 d - 4 boomerangs
 i - 5 throwing nets
 k - an atropa-tipped dart
Armour
 j - a +1 plate armour of willpower (worn)
 l - a +1 cloak (worn)
 m - a +0 buckler
 p - the +3 pair of seven-league boots (worn) {Rampage+∞}
   (You found it on level 2 of the Dungeon)

   Its wearer moves as far as possible in that direction when moving towards
   enemies.
 s - +0 storm dragon scales
 w - +0 acid dragon scales
 B - a +1 chain mail of fire resistance
 C - a +0 troll leather armour
Jewellery
 o - an amulet of the acrobat (around neck)
 v - a ring of positive energy
 x - a +4 ring of evasion (left hand)
Wands
 b - a wand of charming (8)
Scrolls
 e - a scroll of summoning
 z - 3 scrolls of immolation
Potions
 c - 2 potions of curing
 f - 4 potions of mutation
 g - 2 potions of attraction
 h - a potion of magic
 q - 2 potions of resistance
 r - a potion of berserk rage
 t - 4 potions of flight
 A - a potion of brilliance
 E - a potion of haste
Miscellaneous
 D - a lightning rod (inert)


   Skills:
 + Level 9.7 Fighting
 + Level 7.1 Short Blades
 + Level 7.1 Long Blades
 + Level 7.1 Axes
 + Level 7.1 Maces & Flails
 + Level 7.1 Polearms
 + Level 7.1 Staves
 + Level 7.1 Slings
 + Level 9.7 Bows
 + Level 7.1 Crossbows
 + Level 7.1 Throwing
 + Level 9.7 Armour
 + Level 7.1 Dodging
 + Level 7.1 Stealth
 + Level 7.1 Shields
 + Level 7.1 Unarmed Combat
 + Level 7.1 Spellcasting
 + Level 5.9 Conjurations
 + Level 5.9 Hexes
 + Level 5.9 Summonings
 + Level 5.9 Necromancy
 + Level 5.9 Translocations
 + Level 5.9 Transmutations
 + Level 5.9 Fire Magic
 + Level 5.9 Ice Magic
 + Level 5.9 Air Magic
 + Level 5.9 Earth Magic
 + Level 5.9 Poison Magic
 + Level 7.8 Invocations
 + Level 7.6 Evocations


You had 25 spell levels left.
You didn't know any spells.
Your spell library contained the following spells:

 Spells                   Type           Power      Damage    Failure   Level
 Freeze                   Ice            84%        1d10      52%         1
 Frozen Ramparts          Ice            42%        1d6       87%         3
 Hailstorm                Conj/Ice       21%        3d6       99%         4


Dungeon Overview and Level Annotations

Branches:
Dungeon (10/15)            Temple (1/1) D:6            Lair (0/6) D:10
    Orc: D:9-12

Altars:
Hepliaklqana
Kikubaaqudgha
Nemelex Xobeh
Okawaru
Ru
Uskayaw
Vehumet
Xom
Zin
The Shining One

Annotations:
D:9 2 transporters, DocClef's ghost, novice GnFi


Innate Abilities, Weirdness & Mutations

You have very sharp teeth.
Your uncanny sense of smell can sniff out nearby items.
Your experience applies equally to all skills.


Message History

You resist with almost no effort.
You shoot an arrow. The arrow hits the orc!
You kill the orc!
No target in view!
No target in view!
No target in view!
Things that are here:
a +0 giant spiked club; a +0 giant spiked club; a two-headed ogre skeleton You now have 636 gold pieces (gained 5).
E - a potion of haste A yaktaur comes into view.
Found a sacrificial altar of Ru.
The yaktaur shouts!
You hear a shout!
The yaktaur wields a +0 arbalest.
The yaktaur shoots a bolt.
The bolt closely misses you.
You hear an angry buzzing noise.
You shoot an arrow. The arrow hits the yaktaur.
The yaktaur is lightly wounded.
The yaktaur shoots a bolt.
The bolt hits you.
The yaktaur shoots a bolt.
The bolt hits you!!
You shoot an arrow. The arrow hits the yaktaur!
The yaktaur is moderately wounded.
A centaur warrior comes into view.
The yaktaur shoots a bolt.
The bolt hits you!
You shoot an arrow. The centaur warrior shouts!
The arrow hits the yaktaur!
The yaktaur is heavily wounded.
You hear an angry buzzing noise.
A centaur warrior comes into view. It is wielding a +1 mace of protection.
The centaur warrior wields a +0 shortbow.
The centaur warrior shoots an arrow.
The arrow hits you!
The centaur warrior unwields a +1 mace of protection.
The centaur warrior wields a +0 shortbow.
The centaur warrior shoots an arrow.
The arrow hits you!!
* * * LOW HITPOINT WARNING * * *
The yaktaur shoots a bolt.
The bolt hits you!!
* * * LOW HITPOINT WARNING * * *
The centaur warrior shoots an arrow.
The arrow hits you!
You die...

........#######.........###.#.###
........#..#..#.........# #......
...###.....#.....###....# #<.....
....#.....###.....#......##.##..#
.#..#..#.......#..#..#.....YY#..#
.#######.......#### #......Y....
.#..# #..###..#..#∆ #..###...#.#
....#......#......#.... #..Y(#.#
#..###..#.)#(.#.@###.. ∆#..#o#.#
#.......#######.......# ####(...
#.......# #.......# #$.#...#
...###.... ...###.... #...)..#
....# ... ..... ... ##......
.#.?# .. ...#..#∆ ..........#
.#### . c..c#### ........... .# ∆
...c. #........... ...
...###.....#


You could see 2 centaur warriors and a yaktaur.

Vanquished Creatures
  Erolcha (D:9)
  5 two-headed ogres
  A tengu warrior (D:9)
  A manticore (D:10)
  A cyclops (D:10)
  Joseph (D:9)
  Maggie (D:8)
  An efreet (D:9)
  3 trolls
  A hornet (D:9)
  A slime creature (D:9)
  2 wraiths (D:9)
  A vampire (D:9)
  3 wyverns (D:9)
  14 yaks
  5 steam dragons
  4 vampire mosquitoes (D:10)
  An acid dragon (D:10)
  2 water moccasins
  3 orc warriors
  An ice beast (D:5)
  A sky beast (D:8)
  An ogre (D:6)
  2 black bears
  2 wolves (D:7)
  A phantom (D:6)
  2 centaurs (D:9)
  4 kobold brigands
  A necrophage (D:7)
  2 gnoll sergeants
  3 bullfrogs
  A scorpion (D:6)
  9 wights
  3 killer bees (D:9)
  2 howler monkeys
  A jelly (D:5)
  4 hounds
  10 orc priests
  2 iguanas (D:5)
  A gnoll shaman (D:8)
  7 orc wizards
  21 gnolls
  8 adders
  An ufetubus (D:6)
  2 worms (D:2)
  A dart slug (D:3)
  32 orcs
  12 endoplasms
  2 giant cockroaches (D:4)
  11 goblins
  6 hobgoblins
  7 quokkas
  7 ball pythons
  2 bats
  3 frilled lizards
  26 kobolds
  5 rats
258 creatures vanquished.

Vanquished Creatures (collateral kills)
  A troll (D:10)
  5 yaks
  Grum (D:8)
  A centaur (D:10)
  A kobold brigand (D:9)
  A bullfrog (D:9)
10 creatures vanquished.

Vanquished Creatures (others)
  A shadow (D:9)
  2 yaks (D:9)
  An acid dragon (D:9)
  An orc wizard (D:8)
  A white imp (D:8)
  2 fungi (D:1)
  4 plants (D:1)
12 creatures vanquished.

Grand Total: 280 creatures vanquished

Notes
Turn   | Place    | Note
-------+----------+-------------------------------------------
     0 | D:1      | fernweh the Gnoll Wanderer began the quest for the Orb.
     0 | D:1      | fernweh set off with the following items: a +3 shortbow, a
                  | +0 scale mail, a potion of curing.
     0 | D:1      | Reached XP level 1. HP: 23/23 MP: 1/1
   202 | D:1      | Reached XP level 2. HP: 18/28 MP: 2/2
   456 | D:1      | Found a faded altar of an unknown god.
   662 | D:1      | Reached XP level 3. HP: 35/35 MP: 3/3
  1052 | D:2      | Found the +3 pair of seven-league boots {Rampage+∞}
  1115 | D:2      | Reached skill level 1 in Invocations
  1332 | D:2      | Reached skill level 1 in Short Blades
  1332 | D:2      | Reached skill level 1 in Long Blades
  1332 | D:2      | Reached skill level 1 in Axes
  1332 | D:2      | Reached skill level 1 in Maces & Flails
  1332 | D:2      | Reached skill level 1 in Polearms
  1332 | D:2      | Reached skill level 1 in Staves
  1332 | D:2      | Reached skill level 1 in Slings
  1332 | D:2      | Reached skill level 1 in Crossbows
  1332 | D:2      | Reached skill level 1 in Throwing
  1332 | D:2      | Reached skill level 1 in Dodging
  1332 | D:2      | Reached skill level 1 in Stealth
  1332 | D:2      | Reached skill level 1 in Shields
  1332 | D:2      | Reached skill level 1 in Unarmed Combat
  1332 | D:2      | Reached skill level 1 in Spellcasting
  1578 | D:2      | Found an iron altar of Okawaru.
  1589 | D:2      | Reached XP level 4. HP: 41/41 MP: 5/5
  1971 | D:3      | Found a sacrificial altar of Ru.
  1984 | D:3      | Reached skill level 1 in Conjurations
  1984 | D:3      | Reached skill level 1 in Hexes
  1984 | D:3      | Reached skill level 1 in Summonings
  1984 | D:3      | Reached skill level 1 in Necromancy
  1984 | D:3      | Reached skill level 1 in Translocations
  1984 | D:3      | Reached skill level 1 in Transmutations
  1984 | D:3      | Reached skill level 1 in Fire Magic
  1984 | D:3      | Reached skill level 1 in Ice Magic
  1984 | D:3      | Reached skill level 1 in Air Magic
  1984 | D:3      | Reached skill level 1 in Earth Magic
  1984 | D:3      | Reached skill level 1 in Poison Magic
  2083 | D:3      | Reached XP level 5. HP: 47/47 MP: 5/7
  2749 | D:2      | Upgraded the game from 0.29-a0-664-gff9cad4a3d to
                  | 0.29-a0-668-g12ee2bf84d
  3213 | D:3      | Reached XP level 6. HP: 45/51 MP: 8/8
  3387 | D:3      | Found a sparkling altar of Nemelex Xobeh.
  3396 | D:3      | Found an ancient bone altar of Kikubaaqudgha.
  4768 | D:5      | Entered Level 5 of the Dungeon
  5013 | D:5      | Noticed a black bear
  5020 | D:5      | Killed a black bear
  5021 | D:5      | Reached XP level 7. HP: 56/60 MP: 10/10
  5348 | D:5      | Found a hazy altar of Hepliaklqana.
  5647 | D:5      | Reached XP level 8. HP: 66/67 MP: 12/12
  7419 | D:6      | Found a radiant altar of Vehumet.
  7520 | D:6      | Reached XP level 9. HP: 42/71 MP: 14/14
  7911 | D:6      | Found a shimmering altar of Xom.
  8159 | D:6      | Found a staircase to the Ecumenical Temple.
  8169 | Temple   | Entered the Ecumenical Temple
  9221 | D:7      | Reached skill level 5 in Evocations
  9329 | D:8      | Noticed Grum
  9717 | D:8      | Reached skill level 5 in Invocations
  9948 | D:8      | Reached XP level 10. HP: 34/80 MP: 17/17
  9950 | D:8      | Reached skill level 5 in Short Blades
  9950 | D:8      | Reached skill level 5 in Long Blades
  9950 | D:8      | Reached skill level 5 in Axes
  9950 | D:8      | Reached skill level 5 in Maces & Flails
  9950 | D:8      | Reached skill level 5 in Polearms
  9950 | D:8      | Reached skill level 5 in Staves
  9950 | D:8      | Reached skill level 5 in Slings
  9950 | D:8      | Reached skill level 5 in Crossbows
  9950 | D:8      | Reached skill level 5 in Throwing
  9950 | D:8      | Reached skill level 5 in Dodging
  9950 | D:8      | Reached skill level 5 in Stealth
  9950 | D:8      | Reached skill level 5 in Shields
  9950 | D:8      | Reached skill level 5 in Unarmed Combat
  9950 | D:8      | Reached skill level 5 in Spellcasting
  9965 | D:8      | Killed Grum
 10286 | D:8      | Noticed Maggie
 10296 | D:8      | Killed Maggie
 11018 | D:9      | Found a transporter.
 11020 | D:9      | Noticed DocClef's ghost (novice GnFi)
 11020 | D:9      | Identified the +8 great mace of Peluvoxt {vorpal, *Rage
                  | rPois Will+ Int+3}
 11020 | D:9      | Identified the +4 great mace of the Nexus {protect, +Blink
                  | rElec Dex-3}
 11020 | D:9      | Noticed a two-headed ogre
 11021 | D:9      | Noticed a two-headed ogre
 11021 | D:9      | Noticed a two-headed ogre
 11021 | D:9      | Noticed a two-headed ogre
 11034 | D:9      | Paralysed by a hornet for 1 turns
 11261 | D:9      | Found a transporter.
 11323 | D:9      | Noticed Joseph
 11332 | D:9      | Killed Joseph
 12419 | D:9      | Reached XP level 11. HP: 40/87 MP: 19/19
 12789 | D:8      | Upgraded the game from 0.29-a0-668-g12ee2bf84d to
                  | 0.29-a0-676-ga64570c9d2
 13232 | D:9      | Noticed Erolcha
 13239 | D:9      | Reached skill level 5 in Conjurations
 13239 | D:9      | Reached skill level 5 in Hexes
 13239 | D:9      | Reached skill level 5 in Summonings
 13239 | D:9      | Reached skill level 5 in Necromancy
 13239 | D:9      | Reached skill level 5 in Translocations
 13239 | D:9      | Reached skill level 5 in Transmutations
 13239 | D:9      | Reached skill level 5 in Fire Magic
 13239 | D:9      | Reached skill level 5 in Ice Magic
 13239 | D:9      | Reached skill level 5 in Air Magic
 13239 | D:9      | Reached skill level 5 in Earth Magic
 13239 | D:9      | Reached skill level 5 in Poison Magic
 13285 | D:9      | Killed Erolcha
 13797 | D:9      | Noticed a two-headed ogre
 13827 | D:9      | Killed a two-headed ogre
 14488 | D:10     | Entered Level 10 of the Dungeon
 14521 | D:10     | Noticed a two-headed ogre
 14915 | D:9      | Noticed a tengu warrior
 14922 | D:9      | Killed a tengu warrior
 15075 | D:10     | Noticed a two-headed ogre
 15107 | D:10     | Killed a two-headed ogre
 15115 | D:10     | Killed a two-headed ogre
 15454 | D:10     | Noticed a cyclops
 15488 | D:10     | Killed a cyclops
 15779 | D:10     | Noticed a two-headed ogre
 15783 | D:10     | Found a staircase to the Lair.
 15933 | D:10     | Noticed a manticore
 15954 | D:10     | Killed a manticore
 15955 | D:10     | Reached XP level 12. HP: 61/96 MP: 22/22
 16150 | D:9      | Killed a two-headed ogre
 16624 | D:10     | Noticed a two-headed ogre
 16644 | D:10     | Killed a two-headed ogre
 16934 | D:10     | Found a sacrificial altar of Ru.
 16936 | D:10     | Noticed a centaur warrior
 16937 | D:10     | Noticed a centaur warrior
 16937 | D:10     | HP: 2/97 [yaktaur/bolt (20)]
 16937 | D:10     | Shot with an arrow by a centaur warrior

Illustrated notes

Levels and vault maps discovered:
D:1:      dpeg_arrival_more_subterranean_lakeside_camping, layout_loops_ring,
          dreamdust_ecumenical_altar_grove, minmay_unequal
D:2:      layout_basic, basic_altar, fountainhead, chequers_garden,
          kennysheep_generic_room_4
D:3:      layout_loops_ring, mainiacjoe_overflow_catch_the_wave,
          old_standard_altar
D:4:      layout_basic
D:5:      layout_basic, overflow_temple_1_default
D:6:      layout_cave_pools, kennysheep_mini_moat, nicolae_vehumet_altar_sigil,
          minmay_temple_entry_poolview, wad_floor_pattern_2
D:7:      layout_layer_cave, minmay_misc_feat_x, minivault_4
D:8:      layout_rooms, kennysheep_nondescript, uniq_maggie, uniq_grum
D:9:      cheibrodos_ideogram_h, layout_basic, gammafunk_ghost_smash,
          uniq_erolcha, uniq_joseph
D:10:     hangedman_cross_cluster, layout_basic, lair_entry_dummy,
          roderic_filled_cross
Temple:   nicolae_temple_elliptical

Skill      XL: |  1  2  3  4  5  6  7  8  9 10 11 12 |
---------------+-------------------------------------+-----
Invocations    | 1 2 3 4 5 6 7 |  7.8
Short Blades   | 1 2 3 4 5 6 7 |  7.1
Long Blades    | 1 2 3 4 5 6 7 |  7.1
Axes           | 1 2 3 4 5 6 7 |  7.1
Maces & Flails | 1 2 3 4 5 6 7 |  7.1
Polearms       | 1 2 3 4 5 6 7 |  7.1
Staves         | 1 2 3 4 5 6 7 |  7.1
Slings         | 1 2 3 4 5 6 7 |  7.1
Crossbows      | 1 2 3 4 5 6 7 |  7.1
Throwing       | 1 2 3 4 5 6 7 |  7.1
Dodging        | 1 2 3 4 5 6 7 |  7.1
Stealth        | 1 2 3 4 5 6 7 |  7.1
Shields        | 1 2 3 4 5 6 7 |  7.1
Unarmed Combat | 1 2 3 4 5 6 7 |  7.1
Spellcasting   | 1 2 3 4 5 6 7 |  7.1
Conjurations   | 1 2 3 4 5 |  5.9
Hexes          | 1 2 3 4 5 |  5.9
Summonings     | 1 2 3 4 5 |  5.9
Necromancy     | 1 2 3 4 5 |  5.9
Translocations | 1 2 3 4 5 |  5.9
Transmutations | 1 2 3 4 5 |  5.9
Fire Magic     | 1 2 3 4 5 |  5.9
Ice Magic      | 1 2 3 4 5 |  5.9
Air Magic      | 1 2 3 4 5 |  5.9
Earth Magic    | 1 2 3 4 5 |  5.9
Poison Magic   | 1 2 3 4 5 |  5.9
Evocations     | 3 4 5 6 7 |  7.6
Fighting       | 7 8 9 |  9.7
Bows           | 7 8 9 |  9.7
Armour         | 7 8 9 |  9.7

Action                   |  1- 3 |  4- 6 |  7- 9 | 10-12 || total
-------------------------+-------+-------+-------+-------++-------
Melee: Dagger            |       |     1 |    25 |    88 ||   114
       Punch             |       |       |     1 |     9 ||    10
       Shortbow          |       |       |     1 |     1 ||     2
       Bite              |       |       |     1 |    11 ||    12
       Scimitar          |       |       |       |    40 ||    40
 Fire: Shortbow          |   117 |   163 |   369 |   364 ||  1013
Throw: Throwing net      |       |     1 |       |     1 ||     2
       Dart              |       |       |       |     4 ||     4
Evoke: Wand              |       |       |     4 |    35 ||    39
       Lightning rod     |       |       |       |     6 ||     6
  Use: Scroll            |       |    14 |     7 |     7 ||    28
       Potion            |       |     2 |     3 |     6 ||    11
Armor: Scale mail        |    21 |    55 |   124 |       ||   200
       Chain mail        |       |       |   142 |   105 ||   247
       Storm dragon scal |       |       |       |   108 ||   108
       Acid dragon scale |       |       |       |     6 ||     6
Dodge: Dodged            |    25 |    61 |   391 |   284 ||   761

Table legend: (Time is in decaauts)
 A = Elapsed time spent in this place.
 B = Non-inter-level travel time spent in this place.
 C = Inter-level travel time spent in this place.
 D = Time resting spent in this place.
 E = Time spent auto-exploring this place.
 F = Levels seen in this place.
 G = Mean time per level.
                   A        B        C        D        E       F      G
               +--------+--------+--------+--------+--------+-----+--------+
         Total |  17307 |  16704 |    603 |   5006 |   7864 |  11 | 1573.4 |
       Dungeon |  17305 |  16702 |    603 |   5006 |   7864 |  10 | 1730.5 |
        Temple |      1 |      1 |      0 |      0 |      0 |   1 |    1.0 |
               +--------+--------+--------+--------+--------+-----+--------+

Top non-repeatable levels by time:
     D:9: 4076 daAuts
     D:7: 2361 daAuts
     D:8: 2192 daAuts
     D:2: 1459 daAuts
     D:4: 1441 daAuts
     D:5: 1326 daAuts
    D:10: 1259 daAuts
     D:3: 1125 daAuts
     D:6: 1050 daAuts
     D:1: 1012 daAuts
  Temple: 1 daAuts
